 Dungeon Crawl Stone Soup version 0.27.1-33-g824d729ab1 (webtiles) character file.

Game seed: 8805940030644027851

1531 jlumianski the Ducker (level 8, 0/60 HPs)
             Began as a Gnoll Monk on Dec 23, 2021.
             Was an Elder of Hepliaklqana.
             Slain by Harold (5 damage)
             ... on level 7 of the Dungeon.
             The game lasted 00:33:16 (5507 turns).

jlumianski the Ducker (Gnoll Monk)                  Turns: 5507, Time: 00:33:17

Health: 0/60       AC: 12    Str: 13    XL:     8   Next: 85%
Magic:  13/13      EV: 12    Int: 10    God:    Hepliaklqana [****..]
Gold:   227        SH:  0    Dex: 14    Spells: 13/14 levels left

rFire    . . .     SeeInvis .   z - +0 war axe (vamp)
rCold    + . .     Faith    .   (no shield)
rNeg     . . .     Spirit   .   F - +0 scale mail {rPois}
rPois    +         Reflect  .   O - +0 helmet
rElec    .         Harm     .   (no cloak)
rCorr    .         Rampage  .   E - +0 pair of gloves
Will     .....                  r - +2 pair of boots
Stlth    ++........             (no amulet)
HPRegen  0.20/turn              o - ring of protection from cold
MPRegen  0.13/turn              t - ring of wizardry

@: marked
A: reduced essence, fangs 1, strong nose, distributed training
a: Renounce Religion, Recall Ancestor, Ancestor Identity, Transference, Idealise


You were on level 7 of the Dungeon.
You worshipped Hepliaklqana.
Hepliaklqana was greatly pleased with you.
You visited 1 branch of the dungeon, and saw 7 of its levels.
You also visited: Ossuary.

You collected 503 gold pieces.
You spent 276 gold pieces at shops.

Inventory:

Hand Weapons
 a - a +0 hand axe
 g - a +2 dagger of draining
 n - a +1 antimagic hand axe
 s - a +1 vorpal mace
 x - a +0 hunting sling
 z - a +0 vampiric war axe (weapon)
 I - a +1 halberd of venom
 K - a +0 dagger of venom
 M - a +2 hand axe of holy wrath
Missiles
 i - 7 javelins (quivered)
 j - 147 stones
 m - 17 sling bullets
 v - 18 arrows
 L - 2 poisoned darts
 N - 4 boomerangs
Armour
 b - a +0 robe
 d - a +0 scale mail
 e - a +0 pair of boots
 k - a +0 leather armour
 q - a +0 pair of boots
 r - a +2 pair of boots (worn)
 B - a +0 chain mail
 E - a +0 pair of gloves (worn)
 F - a +0 scale mail of poison resistance (worn)
 O - a +0 helmet (worn)
Jewellery
 o - a ring of protection from cold (left hand)
 t - a ring of wizardry (right hand)
 w - a +6 ring of dexterity
Wands
 y - a wand of flame (25)
 A - a wand of digging (5)
 C - a wand of polymorph (5)
Scrolls
 f - a scroll of immolation
 P - 2 scrolls of amnesia
Potions
 c - 3 potions of heal wounds
 h - 2 potions of curing
 l - a potion of mutation
 p - a potion of brilliance
 u - a potion of flight {unknown}
 G - a potion of attraction {unknown}
 H - 2 potions of berserk rage {unknown}


   Skills:
 + Level 7.5 Fighting
 + Level 3.6 Short Blades
 + Level 3.6 Long Blades
 + Level 7.5 Axes
 + Level 3.6 Maces & Flails
 + Level 3.6 Polearms
 + Level 3.6 Staves
 + Level 3.6 Slings
 + Level 3.6 Bows
 + Level 3.6 Crossbows
 + Level 3.6 Throwing
 + Level 3.6 Armour
 + Level 7.5 Dodging
 + Level 5.6 Stealth
 + Level 3.6 Shields
 + Level 3.6 Unarmed Combat
 + Level 3.6 Spellcasting
 + Level 3.0 Conjurations
 + Level 3.0 Hexes
 + Level 3.0 Summonings
 + Level 3.0 Necromancy
 + Level 3.0 Translocations
 + Level 3.0 Transmutations
 + Level 3.0 Fire Magic
 + Level 3.0 Ice Magic
 + Level 3.0 Air Magic
 + Level 3.0 Earth Magic
 + Level 3.0 Poison Magic
 + Level 4.0 Invocations
 + Level 3.6 Evocations


You had 13 spell levels left.
You knew the following spells:

 Your Spells              Type           Power      Damage    Failure   Level
a - Sting                 Tmut/Pois      28%        1d4       13%         1

Your spell library contained the following spells:

 Spells                   Type           Power      Damage    Failure   Level
 Poisonous Vapours        Pois/Air       14%        N/A       21%         2
 Slow                     Hex            7%         N/A       21%         2
 Confusing Touch          Hex            7%         N/A       36%         3
 Conjure Flame            Conj/Fire      7%         6-21      36%         3
 Gell's Gravitas          Tloc           3%         N/A       36%         3
 Ignite Poison            Fire/Tmut/Pois 7%         N/A       36%         3
 Lesser Beckoning         Tloc           3%         N/A       36%         3
 Ozocubu's Armour         Ice            7%         N/A       36%         3
 Teleport Other           Tloc           7%         N/A       36%         3
 Olgreb's Toxic Radiance  Pois           7%         N/A       75%         4
 Sticky Flame             Conj/Fire      7%         2d3       75%         4
 Metabolic Englaciation   Hex/Ice        3%         N/A       97%         5
 Yara's Violent Unravell  Hex/Tmut       3%         3d4       97%         5
 Simulacrum               Ice/Necr       3%         N/A       100%        6


Dungeon Overview and Level Annotations

Branches:
Dungeon (7/15)            Ossuary (visited)
 Temple: D:4-7

Altars:
Elyvilon
Hepliaklqana
Nemelex Xobeh

Shops:
D:4 [

Annotations:
D:7 Harold


Innate Abilities, Weirdness & Mutations

Your life essence is reduced to manifest your ancestor. (-10% HP)
You have very sharp teeth.
Your uncanny sense of smell can sniff out nearby items.
Your experience applies equally to all skills.


Message History

Your Poison Magic skill increases to level 3!
You struggle against the net.
Nozipho hits Harold with a +0 quarterstaff!
You struggle against the net.
Nozipho barely misses Harold.
You struggle against the net.
Harold hits you but does no damage.
You struggle against the net.
Nozipho closely misses Harold.
Harold hits you with a +0 flail!!
You struggle against the net.
Nozipho gestures at Harold while chanting.
The puff of frost hits Harold.
Harold hits Nozipho with a +0 flail.
You rip the net and break free!
Nozipho hits Harold with a +0 quarterstaff!
Harold hits Nozipho with a +0 flail!!
Nozipho is destroyed!
Harold shouts!
You hit Harold.
You feel better.
Harold is severely wounded.
Harold hits you with a +0 flail!
You hit Harold.
You feel better.
You bite Harold, but do no damage.
Harold is almost dead.
Harold gestures at you while chanting. The mark upon you grows brighter.
You hit Harold.
You feel better.
Harold is almost dead.
Harold hits you with a +0 flail!
* * * LOW HITPOINT WARNING * * *
You closely miss Harold.
Harold is almost dead.
Harold hits you with a +0 flail.
* * * LOW HITPOINT WARNING * * *
You hit Harold but do no damage. Your bite misses Harold.
Harold is almost dead.
Harold gestures at you while chanting. The mark upon you grows brighter.
You hit Harold but do no damage.
Harold is almost dead.
Harold hits you with a +0 flail!
* * * LOW HITPOINT WARNING * * *
Harold hits you with a +0 flail.
You die...

##.# .......Z..# #.#
.......<..# #.#
...>.....## ##.#
#...(....# #..########
#...(....# ##..#.....###
#.........#
#..........####..........#
##......)....#....###.....
##....##....@@..# #.....
#..########...## #.#....
#..# #...# #.##### #..#
#.### #.## .## #.# # ..


You could see Harold.

Vanquished Creatures
  An ogre (D:6)
  A bullfrog zombie (D:6)
  A centaur zombie (Ossuary)
  An orc priest (D:6)
  Natasha (twice) (D:2)
  2 iguanas
  An orc wizard (D:5)
  A mummy (Ossuary)
  2 gnolls (D:4)
  7 adders
  An ufetubus (D:3)
  3 worms
  8 orcs
  3 ball pythons
  A bat (D:1)
  10 endoplasms
  A giant cockroach (D:3)
  7 hobgoblins
  7 kobolds
  3 quokkas
  6 goblins
  3 goblin zombies
  A hobgoblin zombie (Ossuary)
  3 orc zombies (Ossuary)
  5 rats
  A rat zombie (D:5)
82 creatures vanquished.

Vanquished Creatures (collateral kills)
  An ice beast (D:6)
  An ogre (D:6)
  A kobold brigand (D:6)
  A bullfrog (D:6)
  2 scorpions
  A wyvern zombie (D:6)
  A jelly (D:5)
  A centaur skeleton (D:6)
  4 hounds
  A human zombie (Ossuary)
  A bullfrog skeleton (D:7)
  4 iguanas
  3 orc wizards
  A mummy (Ossuary)
  5 gnolls
  3 adders
  A howler monkey skeleton (D:6)
  A shadow imp (D:6)
  12 orcs
  A ball python (D:4)
  An endoplasm (D:4)
  A gnoll zombie (Ossuary)
  2 goblins (D:4)
  2 hobgoblins
  3 kobolds
  2 goblin zombies (Ossuary)
  A hobgoblin zombie (Ossuary)
  2 orc zombies (Ossuary)
60 creatures vanquished.

Vanquished Creatures (others)
  An ancestor (D:4)
  2 battlemagi
  3 orcs (D:4)
  A ball python (D:4)
7 creatures vanquished.

Grand Total: 149 creatures vanquished

Notes
Turn   | Place    | Note
-------+----------+-------------------------------------------
     0 | D:1      | jlumianski the Gnoll Monk began the quest for the Orb.
     0 | D:1      | Reached XP level 1. HP: 23/23 MP: 1/1
     6 | D:1      | Noticed a hog
     6 | D:1      | Noticed a black bear
     6 | D:1      | Noticed a scorpion
     7 | D:1      | Noticed a swamp worm
     7 | D:1      | Noticed a komodo dragon
   277 | D:1      | Reached XP level 2. HP: 18/29 MP: 2/2
   281 | D:1      | Learned a level 1 spell: Sting
   818 | D:2      | You fall into a shaft and drop 1 floor!
   879 | D:2      | Reached XP level 3. HP: 23/35 MP: 3/3
   928 | D:2      | Reached skill level 1 in Invocations
  1250 | D:2      | Reached skill level 1 in Short Blades
  1250 | D:2      | Reached skill level 1 in Long Blades
  1250 | D:2      | Reached skill level 1 in Maces & Flails
  1250 | D:2      | Reached skill level 1 in Polearms
  1250 | D:2      | Reached skill level 1 in Staves
  1250 | D:2      | Reached skill level 1 in Slings
  1250 | D:2      | Reached skill level 1 in Bows
  1250 | D:2      | Reached skill level 1 in Crossbows
  1250 | D:2      | Reached skill level 1 in Throwing
  1250 | D:2      | Reached skill level 1 in Armour
  1250 | D:2      | Reached skill level 1 in Shields
  1250 | D:2      | Reached skill level 1 in Unarmed Combat
  1250 | D:2      | Reached skill level 1 in Spellcasting
  1250 | D:2      | Reached skill level 1 in Evocations
  1336 | D:2      | Noticed Natasha
  1434 | D:2      | Reached XP level 4. HP: 41/41 MP: 3/5
  1671 | D:2      | Killed Natasha
  1672 | D:2      | Reached skill level 1 in Conjurations
  1672 | D:2      | Reached skill level 1 in Hexes
  1672 | D:2      | Reached skill level 1 in Summonings
  1672 | D:2      | Reached skill level 1 in Necromancy
  1672 | D:2      | Reached skill level 1 in Translocations
  1672 | D:2      | Reached skill level 1 in Transmutations
  1672 | D:2      | Reached skill level 1 in Fire Magic
  1672 | D:2      | Reached skill level 1 in Ice Magic
  1672 | D:2      | Reached skill level 1 in Air Magic
  1672 | D:2      | Reached skill level 1 in Earth Magic
  1672 | D:2      | Reached skill level 1 in Poison Magic
  1868 | D:2      | Noticed Natasha
  1876 | D:2      | Killed Natasha
  1877 | D:2      | Reached XP level 5. HP: 44/47 MP: 6/6
  2325 | D:3      | Found a hazy altar of Hepliaklqana.
  2335 | D:3      | Became a worshipper of Hepliaklqana the Forgotten
  2335 | D:3      | Reached * piety under Hepliaklqana
  2335 | D:3      | Reached ** piety under Hepliaklqana
  2399 | D:3      | Found a faded altar of an unknown god.
  2840 | D:4      | Remembered your ancestor Nozipho as a battlemage
  2895 | D:4      | Found Gacrapuhi's Antique Armour Emporium.
  2982 | D:4      | Found a white marble altar of Elyvilon.
  3164 | D:4      | You fall into a shaft and drop 3 floors!
  3165 | D:7      | Noticed Harold
  3175 | D:5      | Entered Level 5 of the Dungeon
  3192 | D:5      | Reached XP level 6. HP: 44/47 MP: 0/8
  3474 | D:5      | Reached *** piety under Hepliaklqana
  3550 | D:5      | Reached XP level 7. HP: 53/53 MP: 10/10
  3590 | D:5      | Found a sand-covered staircase.
  3606 | Ossuary  | Entered an ossuary
  3995 | D:4      | Bought a pair of gloves for 108 gold pieces
  3995 | D:4      | Bought a runed scale mail for 168 gold pieces
  4540 | D:5      | Reached skill level 5 in Stealth
  4695 | D:6      | Reached XP level 8. HP: 47/60 MP: 12/12
  5231 | D:6      | Found a sparkling altar of Nemelex Xobeh.
  5451 | D:7      | Reached **** piety under Hepliaklqana
  5507 | D:7      | Slain by Harold

Illustrated notes

Levels and vault maps discovered:
D:1:      onia_arrival_zoo_common, layout_loops_cross
D:2:      layout_rooms, uniq_natasha
D:3:      layout_rooms, old_standard_altar, shapermc_ecumenical_altar_petra,
          minmay_misc_feat_tower, minmay_misc_feat_rugged
D:4:      layout_cave_pods, elyvilon_altar_4, nicolae_stop_n_shop_1
D:5:      layout_rooms, enter_ossuary_4, minmay_misc_feat_five
D:6:      layout_cave_pools, kennysheep_mini_moat
D:7:      layout_layer_cave, grunt_temple_overflow_open,
          minmay_temple_entry_poolview, glass_columns_c, minmay_small_thing,
          uniq_harold, uniq_crazy_yiuf_cottage

Skill      XL: |  1  2  3  4  5  6  7  8 |
---------------+-------------------------+-----
Invocations    | 1 2 3 4 |  4.0
Short Blades   | 1 2 3 |  3.6
Long Blades    | 1 2 3 |  3.6
Maces & Flails | 1 2 3 |  3.6
Polearms       | 1 2 3 |  3.6
Staves         | 1 2 3 |  3.6
Slings         | 1 2 3 |  3.6
Bows           | 1 2 3 |  3.6
Crossbows      | 1 2 3 |  3.6
Throwing       | 1 2 3 |  3.6
Armour         | 1 2 3 |  3.6
Shields        | 1 2 3 |  3.6
Unarmed Combat | 1 2 3 |  3.6
Spellcasting   | 1 2 3 |  3.6
Evocations     | 1 2 3 |  3.6
Conjurations   | 1 2 3 |  3.0
Hexes          | 1 2 3 |  3.0
Summonings     | 1 2 3 |  3.0
Necromancy     | 1 2 3 |  3.0
Translocations | 1 2 3 |  3.0
Transmutations | 1 2 3 |  3.0
Fire Magic     | 1 2 3 |  3.0
Ice Magic      | 1 2 3 |  3.0
Air Magic      | 1 2 3 |  3.0
Earth Magic    | 1 2 3 |  3.0
Poison Magic   | 1 2 3 |  3.0
Fighting       | 7 |  7.5
Axes           | 7 |  7.5
Dodging        | 7 |  7.5
Stealth        | 5 |  5.6

Action                   |  1- 3 |  4- 6 |  7- 9 || total
-------------------------+-------+-------+-------++-------
Melee: Hand axe          |    68 |   108 |       ||   176
       Bite              |     4 |     5 |    10 ||    19
       Dagger            |       |    11 |       ||    11
       War axe           |       |     3 |    94 ||    97
       Unarmed           |       |     1 |       ||     1
Throw: Javelin           |     2 |     5 |    13 ||    20
 Cast: Sting             |     8 |     7 |     4 ||    19
Invok: Recall Ancestor   |       |     1 |       ||     1
       Ancestor Life: Ba |       |     1 |       ||     1
  Use: Scroll            |       |     7 |     4 ||    11
 Stab: Sleeping          |     4 |     2 |       ||     6
Armor: Robe              |     7 |     2 |       ||     9
       Scale mail        |       |    46 |    45 ||    91
Dodge: Dodged            |    49 |    94 |    56 ||   199
